 Dungeon Crawl Stone Soup version 0.24.0-35-gdb84b6a5db (webtiles) character file.

Game seed: 6336549679245054082, levelgen mode: deterministic

1975 Curus the Carver (level 9, -6/105 HPs)
             Began as a Pale Draconian Berserker on Nov 18, 2019.
             Was an Elder of Trog.
             Mangled by an orc warrior
             ... wielding a +1 scimitar of holy wrath
              (15 damage)
             ... on level 5 of the Dungeon.
             The game lasted 00:23:03 (3879 turns).

Curus the Carver (Pale Draconian Berserker)         Turns: 3879, Time: 00:23:03

Health: -6/105     AC:  7    Str: 24    XL:     9   Next: 0%
Magic:  9/9        EV: 13    Int:  9    God:    Trog [****..]
Gold:   82         SH:  0    Dex: 13    Spells: 8/8 levels left

rFire    . . .     SeeInvis .   l - +0 scimitar
rCold    . . .     Gourm    .   (no shield)
rNeg     . . .     Faith    .   (armour unavailable)
rPois    .         Spirit   .   (helmet restricted)
rElec    .         Reflect  .   (no cloak)
rCorr    .         Harm     +   (no gloves)
MR       .....                  (no boots)
Stlth    ..........             k - amulet of harm
HPRegen  0.27/turn              (no ring)
MPRegen  0.11/turn              (no ring)

@: berserking (expiring), lethally poisoned (-6 -> -6), very quick
A: breathe steam, unfitting armour, cold-blooded, AC +7
a: Breathe Steam, Berserk, Trog's Hand, Brothers in Arms, Renounce Religion


You were on level 5 of the Dungeon.
You worshipped Trog.
Trog was greatly pleased with you.
You were near starving.

You visited 1 branch of the dungeon, and saw 6 of its levels.

You collected 242 gold pieces.
You spent 160 gold pieces at shops.

Inventory:

Hand Weapons
 a - a +2 falchion
 j - a +0 long sword
 l - a +0 scimitar (weapon)
Jewellery
 e - an uncursed ring of teleportation
 k - an amulet of harm (around neck)
Scrolls
 c - 3 scrolls of teleportation
 g - 2 scrolls of remove curse
 i - a scroll of enchant armour
 m - a scroll of identify
Potions
 d - 2 potions of brilliance
 f - a potion of heal wounds
 h - 2 potions of might
Comestibles
 b - 10 rations


   Skills:
 - Level 3.2 Fighting
 + Level 11.9 Long Blades
 - Level 2.6 Dodging


You had 8 spell levels left.
You didn't know any spells.
Your spell library was empty.

Dungeon Overview and Level Annotations

Branches:
Dungeon (6/15)             Temple (0/1) D:6

Altars:
Nemelex Xobeh
Zin

Shops:
D:4 (!(?*   D:5 [=*}(


Innate Abilities, Weirdness & Mutations

You can breathe blasts of scalding, opaque steam.
Your pale cyan-grey scales are hard. (AC +7)
You cannot fit into any form of body armour.
You are cold-blooded and may be slowed by cold attacks.


Message History

A red film seems to cover your vision as you go berserk!
You feel yourself moving faster!
You feel mighty!
You are near starving!
You closely miss the orc warrior.
The orc warrior hits you with a +1 scimitar of holy wrath!
You barely miss the orc warrior. You barely miss the orc warrior.
You tail-slap the orc warrior!
The orc warrior is heavily wounded.
The orc warrior hits you with a +1 scimitar of holy wrath!!
* * * LOW HITPOINT WARNING * * *
Unknown command.
You feel sick.
You climb upwards.
Reactivating autopickup.
You feel a strong urge to attack something.
There is a stone staircase leading down here.
You barely miss the orc warrior. You tail-slap the orc warrior.
The orc warrior is heavily wounded.
The orc warrior hits you with a +1 scimitar of holy wrath!
You die...

....# ###.##.##.#.......# ####.#
########..)....#.######.#######.#
.?.....#.#.......## #........>.
.###.#.#.####.....## #########..
.##.###............# ###
.##.(#.#.##.......########
.##.#..#.##.##.#.#.......#
.......#.........o..####.#
.......####.#.##@#..####.#
###.#.## #.#.##......##.# ##..#.#
###.#.####..#.##.# ##.##.#
#.....####..#.##.# ##.##.#
#................# ......#
#.....#####.#.#### ##.####
#.....# ##.###.## #.# #.....#
#.♣# ##.# ##.#### #######
#..###.##


You could see an orc warrior.

Vanquished Creatures
  Sigmund (D:5)
  An orc warrior (D:6)
  4 ogres
  A phantom (D:5)
  A centaur (D:6)
  Blork the orc (D:4)
  5 bullfrogs
  2 scorpions (D:6)
  A howler monkey (D:4)
  A crimson imp (D:6)
  4 hounds
  An orc priest (D:4)
  A bullfrog skeleton (D:4)
  A jelly (D:5)
  4 orc wizards
  A centaur skeleton (D:5)
  An iguana (D:5)
  3 worker ants
  A hound skeleton (D:4)
  A worker ant zombie (D:6)
  4 gnolls (D:3)
  6 adders
  A howler monkey skeleton (D:5)
  A shadow imp (D:4)
  2 oozes
  4 adder skeletons
  A dart slug (D:1)
  3 leopard geckos
  9 orcs
  A ball python (D:6)
  3 giant cockroaches
  6 goblins
  9 hobgoblins
  14 jackals
  8 kobolds
  11 bats
  6 frilled lizards
  3 rats (D:1)
128 creatures vanquished.

Notes
Turn   | Place    | Note
-------+----------+-------------------------------------------
     0 | D:1      | Curus the Draconian Berserker began the quest for the Orb.
     0 | D:1      | Reached XP level 1. HP: 19/19 MP: 1/1
    76 | D:1      | Reached XP level 2. HP: 20/26 MP: 2/2
   164 | D:1      | Reached skill level 4 in Long Blades
   371 | D:1      | Reached XP level 3. HP: 26/31 MP: 3/3
   373 | D:1      | Reached ** piety under Trog
   945 | D:2      | Reached XP level 4. HP: 30/38 MP: 4/4
  1245 | D:3      | Reached skill level 5 in Long Blades
  1455 | D:3      | Reached *** piety under Trog
  1642 | D:3      | Found a sparkling altar of Nemelex Xobeh.
  1668 | D:3      | Reached XP level 5. HP: 40/45 MP: 5/5
  1696 | D:3      | Reached skill level 6 in Long Blades
  1990 | D:4      | Noticed an ogre
  1997 | D:4      | Killed an ogre
  1997 | D:4      | Reached XP level 6. HP: 51/51 MP: 6/6
  2003 | D:4      | Reached skill level 7 in Long Blades
  2081 | D:4      | Noticed Blork the orc
  2107 | D:4      | Killed Blork the orc
  2287 | D:4      | Reached skill level 8 in Long Blades
  2289 | D:4      | Your scales start taking on a pale cyan-grey colour.
  2289 | D:4      | Reached XP level 7. HP: 38/57 MP: 7/7
  2411 | D:4      | Found Siruos's Antique Weapon Shoppe.
  2527 | D:4      | Found Eraelig's Assorted Antiques.
  2555 | D:4      | Found Pebir's Weapon Shop.
  2577 | D:4      | Found Xaffust's Distillery.
  2590 | D:4      | Bought a potion of heal wounds for 55 gold pieces
  2640 | D:4      | Found a glowing silver altar of Zin.
  2673 | D:4      | Found Koohif's Magic Scroll Shoppe.
  2816 | D:5      | Entered Level 5 of the Dungeon
  2930 | D:5      | Reached skill level 9 in Long Blades
  2950 | D:5      | Found Erhat's Jewellery Boutique.
  3016 | D:5      | Found Pithek's Assorted Antiques.
  3021 | D:5      | Bought a dented lapis lazuli amulet for 105 gold pieces
  3060 | D:5      | Reached **** piety under Trog
  3108 | D:5      | Found Ybbumaateh's Antique Armour Shoppe.
  3198 | D:5      | Reached XP level 8. HP: 35/63 MP: 8/8
  3211 | D:5      | Reached skill level 10 in Long Blades
  3253 | D:5      | Found Riabosece's Gadget Shop.
  3368 | D:5      | Noticed Sigmund
  3375 | D:5      | Killed Sigmund
  3440 | D:5      | Found Usumobol's Antique Weapon Shoppe.
  3506 | D:6      | Reached skill level 11 in Long Blades
  3513 | D:6      | Found a staircase to the Ecumenical Temple.
  3866 | D:6      | Reached XP level 9. HP: 40/70 MP: 9/9
  3879 | D:5      | Mangled by an orc warrior

Levels and vault maps discovered:
D:1:      minmay_arrival_semitransparent, layout_rooms
D:2:      layout_basic
D:3:      layout_rooms, first_ration, nemelex_altar_shiori
D:4:      layout_loops_ring, kennysheep_mini_moat, serial_shops, shop, shop,
          nicolae_shop_temple_entry_statues_fountains, shop, nicolae_shop_trees,
          uniq_blork_the_orc
D:5:      layout_loops_cross, serial_shops, nicolae_shop_overgrown_old_shop,
          nicolae_shop_crystal, shop, shop_fountains, nicolae_shop_trees,
          uniq_sigmund
D:6:      layout_cave_pools, minmay_temple_entry_glass, serial_shops,
          nicolae_shop_stone, bloody_makhleb

Skill      XL: |  1  2  3  4  5  6  7  8 |
---------------+-------------------------+-----
Long Blades    | 4 5 6 8 9 11 | 11.9
Fighting       | |  3.2
Dodging        | |  2.6

Action                   |  1- 3 |  4- 6 |  7- 9 || total
-------------------------+-------+-------+-------++-------
Melee: Falchion          |   118 |   121 |       ||   239
       Tailslap          |    14 |    13 |    41 ||    68
       Long sword        |       |    24 |   189 ||   213
       Scimitar          |       |       |    20 ||    20
Invok: Berserk           |       |     2 |     4 ||     6
 Abil: Breathe Steam     |       |       |     1 ||     1
  Use: Scroll            |     3 |     3 |     5 ||    11
       Potion            |     2 |     4 |     2 ||     8
 Stab: Sleeping          |       |     1 |       ||     1
  Eat: Chunk             |       |     6 |     5 ||    11
       Ration            |       |       |     1 ||     1
Armor: Skin              |    37 |    41 |    39 ||   117
Dodge: Dodged            |    90 |   120 |   108 ||   318
       Rpst.: Falchion   |    37 |    24 |       ||    61
       Long sword        |       |    13 |    39 ||    52
       Scimitar          |       |       |     4 ||     4
